[ AOE2 MATCH · #505624671 ]
UnrankedMalians vs Bulgarians
Player's team · WIN
Rival team · LOSS
[ REPLAY ANALYSIS · EXTRACTED FROM THE RECORDED GAME ]
Feudal
9:54
Castle
—
Imperial
—
| APM avg | 60.8 |
| APM peak | 86 |
| eAPM avg | 27.5 |
| Villagers / military | 39 / 19 |
Focus
⚔️ 49.1% · 🌾 50.9%
Archer ×13 · Militia ×6
Feudal
12:10
Castle
—
Imperial
—
| APM avg | 78.0 |
| APM peak | 145 |
| eAPM avg | 37.4 |
| Villagers / military | 48 / 18 |
Focus
⚔️ 61.8% · 🌾 38.2%
Skirmisher ×14 · Militia ×4
Match map
Initial resources + every placement click. Lines = walls · curves = elevation contours. ◆ gold · ⬟ stone · ● berries · ✦ relic · ◌ wall gap
Your base· Open — unwalled flank
CIRCONDATI's base· ✓ Closed at 12:00 · 34t walls · 1 gate(s)
Smoothed initial terrain · ◌ = detected wall gap · hover for details
Inputs per minute
— [R1] Pume - - CIRCONDATI
Build order — [R1] Pume
115 actions detected in the replay
| 0:00 | Create | Villager (Male) |
| 0:02 | Build | House |
| 0:02 | Create | Villager (Male) |
| 0:03 | Build | House |
| 0:06 | Create | Villager (Male) |
| 0:10 | Create | Villager (Male) |
| 1:35 | Create | Villager (Male) |
| 1:49 | Build | Lumber Camp |
| 2:08 | Create | Villager (Male) |
| 2:35 | Create | Villager (Male) |
| 2:58 | Create | Villager (Male) |
| 3:19 | Create | Villager (Male) |
| 3:36 | Build | House |
| 3:40 | Build | House |
| 3:47 | Create | Villager (Male) |
| 4:07 | Build | House |
| 4:09 | Create | Villager (Male) |
| 4:19 | Create | Villager (Male) |
| 4:36 | Build | Barracks |
| 4:59 | Create | Villager (Male) |
| 5:30 | Create | Villager (Male) |
| 5:41 | Create | Militia |
| 5:44 | Build | Mill |
| 5:51 | Create | Villager (Male) |
| 6:02 | Create | Villager (Male) |
| 6:08 | Create | Militia |
| 6:36 | Create | Villager (Male) |
| 6:39 | Build | Mining Camp |
| 6:46 | Create | Villager (Male) |
| 6:49 | Research | Loom |
| 7:44 | Research | Feudal Age |
| 8:18 | Build | Palisade Wall |
| 8:20 | Build | Palisade Wall |
| 8:21 | Build | Palisade Wall |
| 8:23 | Build | Palisade Wall |
| 8:24 | Build | Palisade Wall |
| 8:25 | Build | Palisade Wall |
| 8:33 | Create | Militia |
| 8:34 | Create | Militia |
| 8:41 | Build | House |
| 9:01 | Build | Farm |
| 9:10 | Create | Militia |
| 9:13 | Build | House |
| 9:42 | Build | Palisade Wall |
| 9:45 | Build | Palisade Wall |
| 9:54 | Age | Feudal Age |
| 9:57 | Create | Militia |
| 9:59 | Create | Villager (Male) |
| 10:01 | Research | Man-at-Arms (upgrade) |
| 10:20 | Build | Palisade Wall |
| 10:24 | Build | Archery Range |
| 10:26 | Create | Villager (Male) |
| 10:35 | Build | Farm |
| 10:44 | Create | Villager (Male) |
| 10:47 | Build | Palisade Wall |
| 10:48 | Build | House |
| 10:57 | Create | Villager (Male) |
| 10:59 | Research | Arson |
| 11:03 | Build | House |
| 11:06 | Build | Farm |
| 11:11 | Research | Double-Bit Axe |
| 11:33 | Build | Palisade Wall |
| 11:43 | Create | Villager (Male) |
| 11:46 | Create | Archer |
| 12:00 | Build | Palisade Wall |
| 12:04 | Create | Villager (Male) |
| 12:16 | Create | Archer |
| 12:18 | Build | Palisade Wall |
| 12:21 | Build | House |
| 12:34 | Build | Blacksmith |
| 12:37 | Build | Farm |
| 12:50 | Create | Villager (Male) |
| 12:53 | Create | Villager (Male) |
| 12:56 | Build | Farm |
| 12:57 | Create | Archer |
| 13:03 | Create | Archer |
| 13:10 | Research | Fletching |
| 13:14 | Build | Farm |
| 13:20 | Create | Villager (Male) |
| 13:26 | Create | Archer |
| 13:33 | Build | Farm |
| 13:36 | Build | Farm |
| 13:48 | Create | Villager (Male) |
| 13:55 | Create | Villager (Male) |
| 13:57 | Build | Farm |
| 13:59 | Build | Farm |
| 14:04 | Build | Farm |
| 14:22 | Create | Villager (Male) |
| 14:23 | Create | Archer |
| 14:27 | Create | Villager (Male) |
| 14:33 | Build | Palisade Wall |
| 14:39 | Create | Villager (Male) |
| 14:46 | Build | Farm |
| 14:47 | Build | Farm |
| 14:49 | Create | Archer |
| 14:59 | Create | Villager (Male) |
| 15:11 | Create | Villager (Male) |
| 15:20 | Create | Villager (Male) |
| 15:21 | Create | Archer |
| 15:24 | Build | Farm |
| 15:58 | Build | Farm |
| 16:08 | Build | Farm |
| 16:15 | Create | Archer |
| 16:30 | Create | Villager (Male) |
| 16:41 | Build | Market |
| 16:53 | Create | Archer |
| 17:36 | Create | Villager (Male) |
| 17:38 | Create | Archer |
| 17:58 | Create | Archer |
| 17:58 | Create | Archer |
| 18:13 | Create | Villager (Male) |
| 18:16 | Create | Villager (Male) |
| 18:18 | Build | House |
| 18:19 | Build | House |
| 18:21 | Research | Wheelbarrow |
Build order — CIRCONDATI
118 actions detected in the replay
| 0:00 | Create | Villager (Male) |
| 0:01 | Build | House |
| 0:02 | Build | House |
| 0:05 | Create | Villager (Male) |
| 0:06 | Create | Villager (Male) |
| 0:11 | Create | Villager (Male) |
| 1:27 | Create | Villager (Male) |
| 1:27 | Create | Villager (Male) |
| 1:43 | Build | Lumber Camp |
| 1:55 | Create | Villager (Male) |
| 2:08 | Create | Villager (Male) |
| 2:33 | Create | Villager (Male) |
| 2:34 | Create | Villager (Male) |
| 2:55 | Create | Villager (Male) |
| 2:55 | Create | Villager (Male) |
| 3:30 | Create | Villager (Male) |
| 3:30 | Create | Villager (Male) |
| 3:47 | Build | House |
| 4:03 | Build | House |
| 4:07 | Create | Villager (Male) |
| 4:07 | Create | Villager (Male) |
| 4:34 | Create | Villager (Male) |
| 4:59 | Build | Barracks |
| 5:06 | Create | Villager (Male) |
| 5:07 | Create | Villager (Male) |
| 5:20 | Create | Villager (Male) |
| 5:25 | Build | House |
| 5:56 | Create | Militia |
| 5:57 | Create | Militia |
| 5:57 | Create | Militia |
| 6:27 | Create | Villager (Male) |
| 6:39 | Create | Militia |
| 6:43 | Create | Villager (Male) |
| 6:45 | Build | Mill |
| 6:46 | Build | Palisade Wall |
| 6:48 | Build | Palisade Wall |
| 6:48 | Build | Palisade Wall |
| 6:50 | Create | Villager (Male) |
| 7:00 | Build | Palisade Wall |
| 7:16 | Create | Villager (Male) |
| 7:26 | Build | Palisade Wall |
| 7:33 | Create | Villager (Male) |
| 7:42 | Create | Villager (Male) |
| 7:52 | Create | Villager (Male) |
| 8:17 | Build | Farm |
| 8:23 | Create | Villager (Male) |
| 8:27 | Build | House |
| 9:02 | Build | Palisade Gate |
| 9:04 | Build | House |
| 9:13 | Research | Loom |
| 9:23 | Build | Farm |
| 9:41 | Build | Farm |
| 9:47 | Research | Feudal Age |
| 9:59 | Build | House |
| 10:02 | Build | Palisade Wall |
| 10:17 | Create | Villager (Male) |
| 10:20 | Build | Farm |
| 10:23 | Build | House |
| 10:36 | Build | Farm |
| 10:42 | Build | Palisade Wall |
| 10:46 | Build | Palisade Wall |
| 10:47 | Build | Palisade Wall |
| 10:50 | Create | Villager (Male) |
| 11:25 | Build | Palisade Wall |
| 11:27 | Build | Palisade Wall |
| 11:28 | Build | Palisade Wall |
| 11:36 | Create | Villager (Male) |
| 11:47 | Build | Farm |
| 11:47 | Build | Farm |
| 12:10 | Age | Feudal Age |
| 12:20 | Build | Archery Range |
| 12:26 | Research | Double-Bit Axe |
| 12:30 | Create | Villager (Male) |
| 12:36 | Build | House |
| 12:38 | Build | Palisade Wall |
| 12:39 | Build | Palisade Wall |
| 12:41 | Build | Palisade Wall |
| 12:49 | Create | Villager (Male) |
| 13:00 | Create | Villager (Male) |
| 13:02 | Build | Farm |
| 13:07 | Build | House |
| 13:14 | Create | Villager (Male) |
| 13:21 | Create | Skirmisher |
| 13:26 | Build | Farm |
| 13:27 | Create | Villager (Male) |
| 13:32 | Create | Skirmisher |
| 13:50 | Build | Farm |
| 13:53 | Build | House |
| 13:57 | Create | Skirmisher |
| 14:07 | Create | Villager (Male) |
| 14:19 | Create | Skirmisher |
| 14:27 | Create | Skirmisher |
| 14:35 | Create | Villager (Male) |
| 14:48 | Create | Skirmisher |
| 15:04 | Create | Skirmisher |
| 15:04 | Create | Skirmisher |
| 15:23 | Create | Skirmisher |
| 15:29 | Create | Villager (Male) |
| 15:36 | Create | Villager (Male) |
| 15:44 | Create | Villager (Male) |
| 15:47 | Create | Villager (Male) |
| 15:51 | Build | Mining Camp |
| 15:53 | Create | Skirmisher |
| 16:01 | Create | Villager (Male) |
| 16:03 | Create | Villager (Male) |
| 16:13 | Create | Villager (Male) |
| 16:19 | Create | Villager (Male) |
| 16:53 | Build | Market |
| 16:56 | Build | Palisade Wall |
| 17:06 | Create | Villager (Male) |
| 17:11 | Build | Palisade Wall |
| 17:24 | Create | Villager (Male) |
| 17:39 | Create | Skirmisher |
| 17:52 | Build | Farm |
| 17:58 | Create | Skirmisher |
| 18:10 | Build | Blacksmith |
| 18:11 | Create | Skirmisher |
| 18:27 | Create | Skirmisher |
Match timeline
| 4:36 | [R1] Pume · first_building Barracks |
| 4:59 | CIRCONDATI · first_building Barracks |
| 6:46 | CIRCONDATI · wall_segment Palisade Wall x1 |
| 6:48 | CIRCONDATI · wall_segment Palisade Wall x1 |
| 6:48 | CIRCONDATI · wall_segment Palisade Wall x1 |
| 7:00 | CIRCONDATI · wall_segment Palisade Wall x7 |
| 7:26 | CIRCONDATI · wall_segment Palisade Wall x12 |
| 8:18 | [R1] Pume · wall_segment Palisade Wall x1 |
| 8:20 | [R1] Pume · wall_segment Palisade Wall x1 |
| 8:21 | [R1] Pume · wall_segment Palisade Wall x1 |
| 8:23 | [R1] Pume · wall_segment Palisade Wall x1 |
| 8:24 | [R1] Pume · wall_segment Palisade Wall x1 |
| 8:25 | [R1] Pume · wall_segment Palisade Wall x1 |
| 9:42 | [R1] Pume · wall_segment Palisade Wall x1 |
| 9:45 | [R1] Pume · wall_segment Palisade Wall x1 |
| 9:54 | [R1] Pume · age_up feudal |
| 10:02 | CIRCONDATI · wall_segment Palisade Wall x4 |
| 10:20 | [R1] Pume · wall_segment Palisade Wall x1 |
| 10:24 | [R1] Pume · first_building Archery Range |
| 10:42 | CIRCONDATI · wall_segment Palisade Wall x3 |
| 10:46 | CIRCONDATI · wall_segment Palisade Wall x1 |
| 10:47 | [R1] Pume · wall_segment Palisade Wall x1 |
| 10:47 | CIRCONDATI · wall_segment Palisade Wall x1 |
| 11:25 | CIRCONDATI · wall_segment Palisade Wall x1 |
| 11:27 | CIRCONDATI · wall_segment Palisade Wall x1 |
| 11:28 | CIRCONDATI · wall_segment Palisade Wall x1 |
| 11:33 | [R1] Pume · wall_segment Palisade Wall x1 |
| 12:00 | [R1] Pume · wall_segment Palisade Wall x1 |
| 12:10 | CIRCONDATI · age_up feudal |
| 12:18 | [R1] Pume · wall_segment Palisade Wall x1 |
| 12:20 | CIRCONDATI · first_building Archery Range |
| 12:38 | CIRCONDATI · wall_segment Palisade Wall x1 |
| 12:39 | CIRCONDATI · wall_segment Palisade Wall x1 |
| 12:41 | CIRCONDATI · wall_segment Palisade Wall x1 |
| 14:33 | [R1] Pume · wall_segment Palisade Wall x1 |
| 16:56 | CIRCONDATI · wall_segment Palisade Wall x6 |
| 17:11 | CIRCONDATI · wall_segment Palisade Wall x5 |
| 18:04 | CIRCONDATI · first_market_buy 100 wood |
| 18:41 | CIRCONDATI · resign |
[ AI ANALYSIS · 1 CREDIT ]
What really happened in this match?
Wolo.gg analyzes every decision: build order, eco, micro, common mistakes by bracket. Personalized analysis on WhatsApp or Discord in 30 seconds.
Civ guide
Malians
Perfil
Jugador #1554380